 Dungeon Crawl Stone Soup version 0.27.1-34-g3ba077fa99 (webtiles) character file.

Game seed: 12950347393262236548

61197 cccc the Brawler (level 14, -5/136 HPs)
             Began as a Troll Berserker on Jan 7, 2022.
             Was the Champion of Trog.
             Slain by a meliai (8 damage)
             ... on level 12 of the Dungeon.
             The game lasted 00:43:59 (17149 turns).

cccc the Brawler (Troll Berserker)                 Turns: 17149, Time: 00:43:59

Health: -5/136     AC:  6    Str: 30    XL:     14   Next: 59%
Magic:  13/13      EV: 17    Int:  3    God:    Trog [******]
Gold:   1330       SH:  0    Dex: 11    Spells: 13/13 levels left

rFire    . . .     SeeInvis +     - Unarmed
rCold    + . .     Faith    .   (no shield)
rNeg     . . .     Spirit   .   C - +2 robe {rC+}
rPois    .         Reflect  .   (helmet restricted)
rElec    .         Harm     .   (no cloak)
rCorr    .         Rampage  .   (gloves unavailable)
Will     +....                  (boots unavailable)
Stlth    +.........             w - amulet of regeneration
HPRegen  2.32/turn              f - +4 ring of evasion
MPRegen  0.13/turn              i - ring of see invisible

@: unable to read, on berserk cooldown, slowed, invisible, very slow
A: large, unfitting armour, claws 3, regeneration 1, shaggy fur 1, tough skin 1,
sense surroundings 1, inability to read while threatened
a: Renounce Religion, Berserk, Trog's Hand, Brothers in Arms


You were on level 12 of the Dungeon.
You worshipped Trog.
Trog was exalted by your worship.
You visited 3 branches of the dungeon, and saw 19 of its levels.

You collected 1330 gold pieces.

Inventory:

Missiles
 t - 3 silver boomerangs (quivered)
 x - 2 throwing nets
Armour
 C - a +2 robe of cold resistance (worn)
Jewellery
 f - a +4 ring of evasion (left claw)
 i - a ring of see invisible (right claw)
 k - a ring of resist corrosion
 m - a ring of positive energy
 o - a +4 ring of slaying
 u - a ring of ice
 v - a +6 ring of intelligence
 w - an amulet of regeneration (around neck)
 y - a ring of ice
 D - an amulet of faith
 E - a ring of flight
Wands
 a - a wand of digging (5)
 r - a wand of charming (10)
 s - a wand of iceblast (10)
 A - a wand of flame (19)
 F - a wand of polymorph (10)
Scrolls
 b - 14 scrolls of identify
 c - 3 scrolls of fear
 e - 7 scrolls of teleportation
 g - 4 scrolls of magic mapping
 j - 3 scrolls of fog
 l - 2 scrolls of enchant weapon
 q - 3 scrolls of summoning
 G - a scroll of acquirement {unknown}
Potions
 d - 4 potions of haste
 h - a potion of heal wounds
 p - 4 potions of curing
 z - a potion of magic
 B - a potion of invisibility
Miscellaneous
 n - a phial of floods


   Skills:
 * Level 8.0 Fighting
 * Level 10.3 Dodging
 * Level 19.9 Unarmed Combat


You had 13 spell levels left.
You didn't know any spells.
Your spell library contained the following spells:

 Spells                   Type           Power      Damage    Failure   Level
 Beastly Appendage        Tmut           0%         N/A       52%         1
 Slow                     Hex            0%         N/A       67%         2
 Sublimation of Blood     Necr           0%         N/A       67%         2
 Wereblood                Tmut           0%         N/A       67%         2
 Confusing Touch          Hex            0%         N/A       88%         3
 Ignite Poison            Fire/Tmut/Pois 0%         N/A       88%         3
 Mephitic Cloud           Conj/Pois/Air  0%         N/A       88%         3
 Ozocubu's Armour         Ice            0%         N/A       88%         3
 Spider Form              Tmut/Pois      0%         N/A       88%         3
 Stone Arrow              Conj/Erth      0%         3d7       88%         3
 Summon Guardian Golem    Hex/Summ       0%         N/A       88%         3
 Vampiric Draining        Necr           0%         2d6       88%         3
 Animate Armour           Summ/Erth      0%         N/A       99%         4
 Fulminant Prism          Conj/Hex       0%         3d6       99%         4
 Iskenderun's Mystic Bla  Conj/Tloc      0%         2d3       99%         4
 Petrify                  Tmut/Erth      0%         N/A       99%         4
 Bolt of Magma            Conj/Fire/Erth 0%         4d4       100%        5
 Irradiate                Conj/Tmut      0%         3d14      100%        5
 Lee's Rapid Deconstruct  Erth           0%         3d5*      100%        5
 Orb of Destruction       Conj           0%         N/A       100%        7
 Ozocubu's Refrigeration  Ice            0%         4d5       100%        7
 Spellforged Servitor     Conj/Summ      0%         N/A       100%        7
 Lehudib's Crystal Spear  Conj/Erth      0%         10d2      100%        8


Dungeon Overview and Level Annotations

Branches:
Dungeon (12/15)            Temple (0/1) D:5            Lair (6/6) D:9
  Swamp (1/4) Lair:4       Spider (0/4) Lair:2        Slime (0/5) Lair:6
    Orc: D:9-12

Altars:
Ashenzari
Cheibriados
Gozag
Hepliaklqana
Kikubaaqudgha
Makhleb
Ru
Sif Muna
Vehumet
Xom
Yredelemnul

Shops:
D:6 ?   D:10 [

Annotations:
Lair:5 exclusion: oklob plant
Lair:6 3 runed translucent doors, Irchott's ghost, journeyman GrEE


Innate Abilities, Weirdness & Mutations

You are too large for most types of armour.
You have claws for hands.
Your natural rate of healing is unusually fast.
You are covered in fur. (AC +1)
You have tough skin. (AC +1)
You passively map a small area around you.
You sometimes lose the ability to read scrolls when taking damage.


Message History

Something smites you! The meliai barely misses you.
The meliai closely misses you. The meliai misses you.
The meliai stings you but does no damage.
A howler monkey comes into view.
The meliai closely misses you. The meliai stings you.
You claw the meliai! You claw the meliai.
The meliai is severely wounded.
The meliai closely misses you. The meliai stings you!
* * * LOW HITPOINT WARNING * * *
The howler monkey hoots and howls with incredible vigour!
The meliai hits you with a +0 war axe of freezing!
* * * LOW HITPOINT WARNING * * *
The meliai stings you!
* * * LOW HITPOINT WARNING * * *
You hear a shout!
You hear a howl!
You hear a shout! x3
You hear an angry buzzing noise. x11; You hear a shout!
You feel much better. The meliai misses you. The meliai completely misses you.
The meliai mumbles some strange prayers to its god against you.
Something smites you!
The meliai hits you with a +0 war axe of freezing.
* * * LOW HITPOINT WARNING * * *
The meliai freezes you.
* * * LOW HITPOINT WARNING * * *
The meliai stings you.
* * * LOW HITPOINT WARNING * * *
The howler monkey closely misses you.
The meliai invokes the aid of its god against you.
Something smites you!
* * * LOW HITPOINT WARNING * * *
The howler monkey completely misses you.
You fade into invisibility!
The meliai hits you with a +0 war axe of freezing.
* * * LOW HITPOINT WARNING * * *
The meliai barely misses you.
The meliai mumbles some strange prayers to its god against you.
Something smites you!
* * * LOW HITPOINT WARNING * * *
The meliai hits you with a +0 war axe of freezing!
You die...

###### ##.######*
#........ .....#
#.......# * #.......)
.....# ###...?...+ ,
*#........
.....###.'...†/..#
**, #........
.....'...#.......# **
#........
.....#####.......#
+........ .....#
#.......# #........
.....# #####y####
######### ###'##
#yy@.# #.).. ..#
*####h# ######)###
'### , ..# #.........
. * ..# #.........
###*###### #.........
.... /...###.........
,....4
#..#....)......
......#).#.#.....<...
,
.).oo.44oo.#.........


You could see 2 meliai, a howler monkey and a killer bee.

Vanquished Creatures
  A dire elephant (Lair:6)
  Fannar (Lair:2)
  2 catoblepae
  6 hydras
  3 two-headed ogres
  13 death yaks
  A deep troll shaman (Lair:6)
  3 skeletal warriors (D:12)
  A deep elf pyromancer (D:12)
  A manticore (Lair:5)
  12 elephants
  A torpor snail (Lair:6)
  6 black mambas
  2 gargoyles (D:12)
  16 cane toads
  9 rime drakes
  10 komodo dragons
  A troll (D:9)
  2 polar bears
  10 dream sheep
  30 blink frogs
  A shadow (D:11)
  A vampire (D:11)
  14 wyverns
  7 wraiths
  12 basilisks
  32 yaks
  2 acid dragons
  11 water moccasins
  7 orc warriors
  A hornet zombie (D:6)
  An ice beast (D:6)
  2 sky beasts
  2 black bears
  11 wolves
  A necrophage (D:5)
  4 ogres
  3 centaurs
  3 phantoms
  3 kobold brigands
  10 bullfrogs
  A scorpion (D:6)
  2 wyvern zombies
  2 gnoll sergeants
  A water moccasin zombie (D:6)
  2 water moccasin skeletons
  7 killer bees
  9 wights
  A howler monkey (D:12)
  A vampire bat (D:3)
  2 electric eels
  A bullfrog zombie (D:6)
  8 hounds
  3 gnoll shamans
  11 orc priests
  2 centaur skeletons
  A jelly (Lair:6)
  A bullfrog skeleton (D:6)
  3 iguanas
  Jessica (D:2)
  10 orc wizards
  6 hell rats (Lair:5)
  A mummy (D:3)
  Robin (D:1)
  21 gnolls
  10 adders
  2 white imps
  3 ufetubi
  An adder skeleton (D:4)
  2 dart slugs
  40 orcs
  13 bats
  12 endoplasms
  4 giant cockroaches
  11 hobgoblins
  7 jackals
  4 quokkas
  9 ball pythons
  5 frilled lizards
  13 goblins
  16 kobolds
  8 rats
  A bush (D:3)
518 creatures vanquished.

Vanquished Creatures (others)
  A komodo dragon (Lair:6)
  2 blink frogs (Lair:6)
  A yak (Lair:6)
  A human (D:8)
  8 fungi
  32 plants
45 creatures vanquished.

Grand Total: 563 creatures vanquished

Notes
Turn   | Place    | Note
-------+----------+-------------------------------------------
     0 | D:1      | cccc the Troll Berserker began the quest for the Orb.
     0 | D:1      | Reached XP level 1. HP: 22/22 MP: 0/0
   144 | D:1      | Reached XP level 2. HP: 24/29 MP: 1/1
   287 | D:1      | Reached XP level 3. HP: 26/36 MP: 2/2
   325 | D:1      | Reached ** piety under Trog
   522 | D:2      | Noticed Robin
   573 | D:1      | Killed Robin
   584 | D:1      | Reached XP level 4. HP: 8/44 MP: 3/3
   810 | D:2      | Reached skill level 4 in Unarmed Combat
   823 | D:2      | Noticed Jessica
   831 | D:2      | Killed Jessica
  1164 | D:3      | Gained mutation: You sometimes lose the ability to read
                  | scrolls when taking damage. [potion of mutation]
  1164 | D:3      | Gained mutation: You passively map a small area around you.
                  | [potion of mutation]
  1215 | D:3      | Reached *** piety under Trog
  1402 | D:3      | Reached XP level 5. HP: 52/52 MP: 4/4
  1663 | D:3      | Found a snail-covered altar of Cheibriados.
  1805 | D:3      | Found a faded altar of an unknown god.
  1867 | D:3      | Found a hazy altar of Hepliaklqana.
  2159 | D:4      | Noticed a phantom
  2161 | D:4      | Reached skill level 5 in Unarmed Combat
  2178 | D:4      | Killed a phantom
  2179 | D:4      | Reached XP level 6. HP: 59/61 MP: 5/5
  2194 | D:4      | Reached **** piety under Trog
  2627 | D:4      | Reached skill level 6 in Unarmed Combat
  2673 | D:4      | Reached XP level 7. HP: 67/67 MP: 6/6
  2971 | D:4      | Reached skill level 7 in Unarmed Combat
  3211 | D:5      | Entered Level 5 of the Dungeon
  3220 | D:5      | Found a sacrificial altar of Ru.
  3328 | D:5      | Found a staircase to the Ecumenical Temple.
  3336 | D:5      | Reached XP level 8. HP: 78/78 MP: 7/7
  3348 | D:5      | Reached skill level 8 in Unarmed Combat
  3393 | D:5      | Found a radiant altar of Vehumet.
  3395 | D:5      | Found a burning altar of Makhleb.
  3651 | D:5      | Found a glowing drain.
  3769 | D:6      | Found Zonkem's Magic Scroll Boutique.
  3801 | D:6      | Reached skill level 5 in Dodging
  3826 | D:6      | Reached skill level 9 in Unarmed Combat
  3844 | D:6      | Reached XP level 9. HP: 84/84 MP: 8/8
  3874 | D:6      | Reached skill level 10 in Unarmed Combat
  3877 | D:6      | Reached ***** piety under Trog
  4619 | D:7      | Found a shimmering blue altar of Sif Muna.
  4638 | D:7      | Reached skill level 11 in Unarmed Combat
  4749 | D:7      | Found an opulent altar of Gozag.
  5067 | D:7      | Found a broken altar of Ashenzari.
  5515 | D:8      | Received a gift from Trog
  5569 | D:8      | Reached XP level 10. HP: 91/94 MP: 9/9
  5727 | D:8      | Found an ancient bone altar of Kikubaaqudgha.
  5769 | D:8      | Found a shimmering altar of Xom.
  5940 | D:9      | Found a staircase to the Lair.
  5948 | D:9      | Reached skill level 12 in Unarmed Combat
  5953 | D:9      | Reached skill level 5 in Fighting
  6824 | D:10     | Entered Level 10 of the Dungeon
  6880 | D:10     | Found Leegiv's Armour Shop.
  7009 | D:10     | Noticed a two-headed ogre
  7014 | D:10     | Killed a two-headed ogre
  7015 | D:10     | Reached skill level 13 in Unarmed Combat
  7183 | D:10     | Noticed a two-headed ogre
  7192 | D:10     | Killed a two-headed ogre
  7283 | D:11     | Reached XP level 11. HP: 101/104 MP: 10/10
  8465 | Lair:1   | Entered Level 1 of the Lair of Beasts
  8471 | Lair:1   | Reached skill level 14 in Unarmed Combat
  8920 | Lair:1   | Noticed a five-headed hydra
  8928 | Lair:1   | Killed an eight-headed hydra
  8929 | Lair:1   | Reached skill level 15 in Unarmed Combat
  9473 | Lair:2   | Received a gift from Trog
  9593 | Lair:2   | Noticed Fannar
  9605 | Lair:2   | Killed Fannar
  9606 | Lair:2   | Reached XP level 12. HP: 114/114 MP: 11/11
  9641 | Lair:2   | Found a basalt altar of Yredelemnul.
  9820 | Lair:2   | Found a hole to the Spider Nest.
 10271 | Lair:3   | Reached skill level 16 in Unarmed Combat
 10438 | Lair:3   | Noticed a seven-headed hydra
 10446 | Lair:3   | Killed a 12-headed hydra
 11207 | Lair:4   | Noticed a death yak
 11207 | Lair:4   | Noticed a death yak
 11207 | Lair:4   | Noticed a death yak
 11207 | Lair:4   | Noticed a death yak
 11212 | Lair:4   | Killed a death yak
 11212 | Lair:4   | Noticed a death yak
 11217 | Lair:4   | Killed a death yak
 11221 | Lair:4   | Killed a death yak
 11225 | Lair:4   | Killed a death yak
 11226 | Lair:4   | Reached skill level 17 in Unarmed Combat
 11228 | Lair:4   | Killed a death yak
 11246 | Lair:3   | HP: 4/115 [blink frog (16)]
 11966 | Lair:4   | Reached XP level 13. HP: 123/123 MP: 12/12
 12178 | Lair:4   | Found a staircase to the Swamp.
 12638 | Lair:4   | Identified the +3 quarterstaff of the Past {vorpal, rC++}
                  | (Trog gifted it to you on level 4 of the Lair of Beasts)
 12638 | Lair:4   | Received a gift from Trog
 13547 | Lair:5   | Reached skill level 18 in Unarmed Combat
 14594 | Lair:6   | Entered Level 6 of the Lair of Beasts
 14793 | Lair:6   | Found a runed translucent gate.
 14825 | Lair:6   | Found a runed translucent gate.
 14826 | Lair:6   | Found a runed translucent gate.
 14950 | Lair:6   | Received a gift from Trog
 15048 | Lair:6   | Reached XP level 14. HP: 133/133 MP: 13/13
 15115 | Lair:6   | Reached skill level 19 in Unarmed Combat
 15425 | Lair:6   | Reached skill level 10 in Dodging
 15593 | Lair:6   | Reached ****** piety under Trog
 15775 | Lair:6   | Found a staircase to the Slime Pits.
 16425 | Lair:6   | Noticed Irchott's ghost (journeyman GrEE)
 16519 | Swamp:1  | Entered Level 1 of the Swamp
 17149 | D:12     | HP: 3/136 [meliai/divine providence (12)]
 17149 | D:12     | Slain by a meliai

Illustrated notes

Levels and vault maps discovered:
D:1:      dpeg_arrival_ternary, layout_basic, minmay_cupped
D:2:      layout_basic, minmay_strange_pillars, uniq_jessica, uniq_robin
D:3:      layout_loops_ring, slow_altar_1, nicolae_hepliaklqana_hippocampus,
          serial_forest, infiniplex_forest_clump_medium,
          infiniplex_forest_clump_tiny, infiniplex_forest_clump_C,
          infiniplex_forest_clump_medium, infiniplex_forest_end_double,
          shapermc_ecumenical_altar_pompeii, roderic_batcave,
          lightli_corner_chamber
D:4:      minmay_angry_zag, layout_basic
D:5:      layout_basic, lemuel_crystal_altar, fiery_altar_vehumet,
          nicolae_ru_awakened_eye, minmay_temple_entry_drinking_statues,
          gup_sewer_entry_glass
D:6:      cheibrodos_fzero, layout_rooms, serial_shops, nicolae_shop_trees,
          kennysheep_generic_room_12
D:7:      layout_cave_pools, lemuel_crystal_altar,
          ashenzari_conservatory_becter, nicolae_gozag_seed_capital,
          grunt_ministairs_15
D:8:      layout_loops_ring, marbit_many_paths, tgw_kikubaaqudgha
D:9:      layout_gridville, erik_lair_island
D:10:     layout_rooms, serial_shops, shop
D:11:     layout_basic, nicolae_two_hexagons
D:12:     layout_roguey, erik_orc_1, ebering_ghost_reflecting_pool, special_room
          [special_room_bee], interstate_on_off
Lair:1:   layout_cave_shapes, grunt_megastairs_3, infiniplex_staircase_pool_2
Lair:2:   layout_regular_city, spider_nest_entry_webs, basic_altar,
          gauntlet_entry_generic, uniq_fannar
Lair:3:   layout_hall_layers, grunt_megastairs_2, serial_bayou_shore_a,
          lemuel_fruit_fields
Lair:4:   layout_regular_city, swamp_mist_pool, infiniplex_staircase_pool
Lair:5:   layout_loops_ring, special_room [special_room_mythical_zoo],
          minmay_lair_oklob_chamber
Lair:6:   grunt_lair_end_beastmaster, layout_cave_pods,
          nicolae_slime_entry_slimehenge, gammafunk_ghost_necromancy
Swamp:1:  nicolae_swamp_decorative_isthmus, layout_falls_marsh,
          nicolae_swamp_treefoil, swamp_pool5

Skill      XL: |  1  2  3  4  5  6  7  8  9 10 11 12 13 14 |
---------------+-------------------------------------------+-----
Dodging        | 3 4 5 6 7 8 9 10 | 10.3
Unarmed Combat | 4 5 6 7 9 11 13 15 17 18 19 | 19.9
Fighting       | 3 4 5 6 7 8 |  8.0

Action                   |  1- 3 |  4- 6 |  7- 9 | 10-12 | 13-15 || total
-------------------------+-------+-------+-------+-------+-------++-------
Melee: Unarmed           |   119 |   233 |   264 |   389 |   381 ||  1386
       Punch             |       |     4 |    10 |    33 |    45 ||    92
Throw: Boomerang         |       |       |       |     1 |       ||     1
Invok: Berserk           |       |       |     7 |    23 |    20 ||    50
  Use: Potion            |     3 |     4 |     2 |     7 |     7 ||    23
       Scroll            |       |     3 |     9 |     1 |     1 ||    14
 Stab: Sleeping          |     1 |     3 |       |     1 |       ||     5
       Petrified         |       |       |       |       |     4 ||     4
Armor: Animal skin       |    63 |    49 |    38 |    35 |       ||   185
       Robe              |       |       |       |    21 |    50 ||    71
Dodge: Dodged            |   119 |   146 |   192 |   267 |   241 ||   965
